 Dungeon Crawl Stone Soup version 0.27.1-33-g824d729ab1 (webtiles) character file.

Game seed: 62309374300151055

514 Naeght the Cudgeller (level 7, -1/60 HPs)
             Began as a Minotaur Fighter on Oct 12, 2021.
             Succumbed to a water moccasin's poison
             ... on level 4 of the Dungeon on Nov 25, 2021.
             The game lasted 00:08:47 (3862 turns).

Naeght the Cudgeller (Minotaur Fighter)             Turns: 3862, Time: 00:08:47

Health: -1/60      AC:  7    Str: 23    XL:     7   Next: 0%
Magic:  6/6        EV:  7    Int:  5    God:
Gold:   75         SH:  9    Dex:  9    Spells: 6/6 levels left

rFire    + . .     SeeInvis +   a - +0 flail
rCold    . . .     Faith    .   c - +0 kite shield
rNeg     . . .     Spirit   .   b - +0 scale mail
rPois    .         Reflect  .   (helmet restricted)
rElec    .         Harm     .   (no cloak)
rCorr    .         Rampage  .   (no gloves)
Will     .....                  (no boots)
Stlth    ..........             (no amulet)
HPRegen  0.20/turn              o - ring of see invisible
MPRegen  0.10/turn              p - ring of protection from fire

@: lethally poisoned (-1 -> -11)
A: horns 2, retaliatory headbutt
a: no special abilities


You were on level 4 of the Dungeon.
You visited 1 branch of the dungeon, and saw 4 of its levels.

You collected 113 gold pieces.
You spent 38 gold pieces at shops.

Inventory:

Hand Weapons
 a - a +0 flail (weapon)
Armour
 b - a +0 scale mail (worn)
 c - a +0 kite shield (worn)
Jewellery
 o - a ring of see invisible (left hand)
 p - a ring of protection from fire (right hand)
Scrolls
 f - 3 scrolls of teleportation {unknown}
 h - a scroll of noise {unknown}
 k - a scroll of blinking {unknown}
 l - 2 scrolls of magic mapping
 m - a scroll of enchant weapon {unknown}
 n - a scroll of identify {unknown}
 q - a scroll of immolation {unknown}
Potions
 d - a potion of might
 e - a potion of degeneration {unknown}
 g - a potion of attraction {unknown}
 i - a potion of cancellation {unknown}


   Skills:
 - Level 4.5 Fighting
 * Level 7.8 Maces & Flails
 - Level 4.6 Armour
 - Level 4.5 Shields


You had 6 spell levels left.
You didn't know any spells.
Your spell library contained the following spells:

 Spells                   Type           Power      Damage    Failure   Level
 Portal Projectile        Hex/Tloc       0%         N/A       100%        3
 Blade Hands              Tmut           0%         N/A       100%        5
 Excruciating Wounds      Necr           0%         N/A       100%        5
 Iskenderun's Battlesphe  Conj           0%         2d6       100%        5
 Iron Shot                Conj/Erth      0%         9d1       100%        6
 Spellforged Servitor     Conj/Summ      0%         N/A       100%        7


Dungeon Overview and Level Annotations

Branches:
Dungeon (4/15)
 Temple: D:4-7

Altars:
Sif Muna

Shops:
D:3 *


Innate Abilities, Weirdness & Mutations

You have a pair of horns on your head.
You reflexively headbutt those who attack you in melee.


Message History

You are too injured to fight recklessly!
You are too injured to fight recklessly!
You are too injured to fight recklessly!
You are too injured to fight recklessly!
You are too injured to fight recklessly!
You are too injured to fight recklessly!
A water moccasin is nearby!
A water moccasin is nearby!
A water moccasin is nearby!
You are too injured to fight recklessly!
You closely miss the water moccasin.
The water moccasin is moderately wounded.
You feel very sick. The water moccasin barely misses you.
The water moccasin bites you but does no damage.
You closely miss the water moccasin.
The water moccasin is moderately wounded.
You feel very sick.
You block the water moccasin's attack. x2
You barely miss the water moccasin. You headbutt the water moccasin.
The water moccasin is heavily wounded.
You feel very sick. The water moccasin bites you.
* * * LOW HITPOINT WARNING * * *
You are lethally poisoned!
The water moccasin poisons you! The water moccasin bites you.
* * * LOW HITPOINT WARNING * * *
You miss the water moccasin.
The water moccasin is heavily wounded.
* * * LOW HITPOINT WARNING * * *
You feel very sick. The water moccasin barely misses you.
You miss the water moccasin.
Your headbutt misses the water moccasin.
The water moccasin is heavily wounded.
* * * LOW HITPOINT WARNING * * *
You feel very sick.
You block the water moccasin's attack. x2
It was a potion of magic.
Magic courses through your body.
You die...

###)#### ..#..# ..
.......# #.#..##..
.......# #.....#.
.......#####
#.....#.
...........# #....#
.......###)####....#
.......# #.).......#
.......#
######รท)..#
###..... #.@..#
###### #).S(.#
.........#
......##.#...
......... .....
##......## ####
#....... ########


You could see a water moccasin.

Vanquished Creatures
  Grinder (D:3)
  A centaur zombie (D:3)
  An orc priest (D:3)
  Jessica (D:3)
  An orc wizard (D:2)
  4 gnolls (D:4)
  6 adders
  An adder zombie (D:3)
  2 worms
  A dart slug (D:4)
  6 orcs
  8 ball pythons
  12 endoplasms
  6 giant cockroaches
  14 goblins
  7 hobgoblins
  4 quokkas
  A ball python skeleton (D:3)
  4 bats
  6 frilled lizards
  6 kobolds
  8 rats
101 creatures vanquished.

Vanquished Creatures (others)
  A plant (D:3)
1 creature vanquished.

Grand Total: 102 creatures vanquished

Notes
Turn   | Place    | Note
-------+----------+-------------------------------------------
     0 | D:1      | Naeght the Minotaur Fighter began the quest for the Orb.
     0 | D:1      | Reached XP level 1. HP: 19/19 MP: 0/0
   103 | D:1      | Reached XP level 2. HP: 18/27 MP: 1/1
   310 | D:1      | Reached skill level 3 in Maces & Flails
   599 | D:1      | Upgraded the game from 0.27.1-3-gb3d3a73c9e to
                  | 0.27.1-33-g824d729ab1
   620 | D:1      | Reached XP level 3. HP: 22/33 MP: 2/2
  1637 | D:2      | Found a faded altar of an unknown god.
  1831 | D:2      | Reached XP level 4. HP: 33/40 MP: 3/3
  2084 | D:2      | Reached skill level 4 in Maces & Flails
  2411 | D:3      | Reached XP level 5. HP: 30/47 MP: 4/4
  2709 | D:3      | Noticed Grinder
  2724 | D:3      | Killed Grinder
  2725 | D:3      | Reached skill level 6 in Maces & Flails
  2725 | D:3      | Reached XP level 6. HP: 19/53 MP: 5/5
  3049 | D:3      | Found a shimmering blue altar of Sif Muna.
  3216 | D:3      | Reached skill level 7 in Maces & Flails
  3241 | D:3      | Found Oseuge's General Store.
  3248 | D:3      | Bought a scroll of magic mapping for 38 gold pieces
  3255 | D:3      | Noticed Jessica
  3260 | D:3      | Killed Jessica
  3655 | D:4      | Noticed an ice beast
  3685 | D:4      | Reached XP level 7. HP: 21/60 MP: 6/6
  3861 | D:4      | HP: 1/60 [poisoned by a water moccasin]
  3862 | D:4      | Succumbed to a water moccasin's poison

Illustrated notes

Levels and vault maps discovered:
D:1:      matt_arrival_diagonals, layout_basic
D:2:      layout_loops_ring, hellmonk_ecumenical_altar_crossroads,
          eino_curves_03, st_stairs_6
D:3:      minmay_razor_zed, layout_loops_ring, led_sif_pool, serial_shops,
          nicolae_shop_temple_entry_statues_fountains, serial_bayou_pond_e,
          uniq_jessica, uniq_grinder
D:4:      layout_loops_ring, mainiacjoe_overflow_catwalk, gammafunk_ghost_icy

Skill      XL: |  1  2  3  4  5  6 |
---------------+-------------------+-----
Maces & Flails | 3 4 6 7 |  7.8
Armour         | 4 |  4.6
Fighting       | 4 |  4.5
Shields        | 4 |  4.5

Action                   |  1- 3 |  4- 6 |  7- 9 || total
-------------------------+-------+-------+-------++-------
Melee: Flail             |   127 |   125 |    12 ||   264
       Headbutt          |    17 |    17 |     2 ||    36
  Use: Potion            |       |       |     1 ||     1
Armor: Scale mail        |    51 |    59 |     5 ||   115
Dodge: Dodged            |    33 |    36 |     4 ||    73
Block: Kite shield       |    62 |    62 |     5 ||   129
